| TOP OF THE 1ST |
|
Idaho Falls Chukars batting - Pitching for Minnesota (NYP) Twins : LHP Sandy Benitez
|
|
Pitching: LHP Sandy Benitez
|
|
|
Batting: RHB Mike Bearden
|
0-0: Hit by Pitch
|
|
Batting: RHB Jonas Fernandez
|
0-0: Ball 1-0: Ball 2-0: Called Strike 2-1: Ball 3-1: Foul Ball, location: 2F 3-2: Base on Balls Mike Bearden to second
|
|
Batting: RHB Carlos Almada
|
0-0: Ball 1-0: Fielders Choice at 2nd, 3-6 (Groundball, 34, EV 86.9 MPH) Mike Bearden to third
|
|
Batting: RHB Chance Argy
|
0-0: Ball 1-0: Ball 2-0: Called Strike 2-1: Swinging Strike 2-2: Ball 3-2: Foul Ball, location: 2F 3-2: Fly out, F8 (Flyball, 8RM, EV 83.1 MPH)
|
|
Batting: RHB Ian Hornsby
|
0-0: Called Strike 0-1: Foul Ball, location: 2F 0-2: Strikes out looking
|
| Top of the 1st over - 0 runs, 0 hits, 0 errors, 2 left on base; Idaho Falls 0 - Minnesota (NYP) 0 |
| BOTTOM OF THE 1ST |
|
Minnesota (NYP) Twins batting - Pitching for Idaho Falls Chukars : RHP Tristan Jones
|
|
Pitching: RHP Tristan Jones
|
|
|
Batting: RHB David McClellan
|
0-0: Foul Ball, location: 2F 0-1: Foul Ball, location: 2F 0-2: Foul Ball, location: 2F 0-2: Strikes out swinging
|
|
Batting: RHB Sergio Gomez
|
0-0: Ball 1-0: Called Strike 1-1: Swinging Strike 1-2: Hit by Pitch
|
|
Batting: LHB Tomas Espino
|
0-0: Called Strike Sergio Gomez steals 2nd base 0-1: Called Strike 0-2: Strikes out swinging
|
|
Batting: RHB Steve Terrell
|
0-0: Ball 1-0: Ball 2-0: Ball 3-0: Called Strike 3-1: Swinging Strike 3-2: Base on Balls
|
|
Batting: RHB Pat Adams
|
0-0: Ball 1-0: Called Strike 1-1: Ground out 1-3 (Groundball, 15S, EV 70.0 MPH)
|
| Bottom of the 1st over - 0 runs, 0 hits, 0 errors, 2 left on base; Idaho Falls 0 - Minnesota (NYP) 0 |
| TOP OF THE 2ND |
|
Idaho Falls Chukars batting - Pitching for Minnesota (NYP) Twins : LHP Sandy Benitez
|
|
Batting: RHB Jimmy Mayville
|
0-0: Ball 1-0: Ball 2-0: Ball 3-0: Called Strike 3-1: SINGLE (Flyball, 89S, EV 96.9 MPH)
|
|
Batting: LHB David Bearden
|
0-0: Ball 1-0: Ball 2-0: Ball 3-0: Called Strike 3-1: Base on Balls Jimmy Mayville to second
|
|
Batting: RHB Rafael Tapia
|
0-0: Ball 1-0: Called Strike 1-1: DOUBLE (Flyball, 89XD, EV 106.2 MPH) Jimmy Mayville scores David Bearden to third
|
|
Batting: SHB Benoît Morin
|
0-0: Called Strike 0-1: Called Strike 0-2: Ball 1-2: Ball 2-2: Foul Ball, location: 2F 2-2: Foul Ball, location: 2F 2-2: Foul Ball, location: 2F 2-2: Ground out 5-3 (Groundball, 5, EV 83.1 MPH)
|
|
Batting: RHB Mike Bearden
|
0-0: Ball 1-0: Ball 2-0: Foul Ball, location: 2F 2-1: Fly out, F9 (Flyball, 89D, EV 94.4 MPH) Runner from 3rd tags up, OUT at HOME! 9-2
|
| Top of the 2nd over - 1 run, 2 hits, 0 errors, 1 left on base; Idaho Falls 1 - Minnesota (NYP) 0 |
| BOTTOM OF THE 2ND |
|
Minnesota (NYP) Twins batting - Pitching for Idaho Falls Chukars : RHP Tristan Jones
|
|
Batting: RHB Alexandre Garcia
|
0-0: Ball 1-0: Foul Ball, location: 2F 1-1: Foul Ball, location: 2F 1-2: Ball 2-2: SINGLE (Groundball, 6MD, EV 111.9 MPH)
|
|
Batting: LHB Yasutoshi Hayashi
|
0-0: Ball 1-0: Called Strike 1-1: Ball 2-1: Ball Alexandre Garcia steals 2nd, throwing error, E2 Alexandre Garcia to third 3-1: Ground out 4-3 (Groundball, 4, EV 87.5 MPH) Alexandre Garcia scores
|
|
Batting: LHB Ben Roth
|
0-0: Foul Ball, location: 2F 0-1: Foul Ball, location: 2F 0-2: Strikes out swinging
|
|
Batting: SHB Juan Aguilar
|
0-0: Foul Ball, location: 2F 0-1: DOUBLE (Line Drive, 5D, EV 96.2 MPH)
|
|
Pinch Runner at 2nd Ioan Biros:
|
|
|
Batting: RHB David McClellan
|
0-0: SINGLE (Groundball, 56S, EV 73.1 MPH) (infield hit) Ioan Biros to third
|
|
Batting: RHB Sergio Gomez
|
0-0: Ball 1-0: Ball 2-0: DOUBLE (Line Drive, 9LS, EV 108.8 MPH) Ioan Biros scores David McClellan to third Runner from 3rd tries for Home, SAFE, throw by RF to trailing runner, SAFE at third!
|
|
Batting: LHB Tomas Espino
|
0-0: Called Strike 0-1: Ball 1-1: Ball Wild Pitch! Sergio Gomez scores 2-1: Fly out, F7 (Line Drive, 7LS, EV 96.2 MPH)
|
| Bottom of the 2nd over - 4 runs, 4 hits, 1 error, 0 left on base; Idaho Falls 1 - Minnesota (NYP) 4 |
| TOP OF THE 3RD |
|
Idaho Falls Chukars batting - Pitching for Minnesota (NYP) Twins : LHP Sandy Benitez
|
|
Now at C: Ioan Biros
|
|
|
Batting: RHB Jonas Fernandez
|
0-0: Swinging Strike 0-1: Called Strike 0-2: Ball 1-2: Foul Ball, location: 2F 1-2: Ground out 4-3 (Groundball, 4, EV 85.0 MPH)
|
|
Batting: RHB Carlos Almada
|
0-0: Called Strike 0-1: Fly out, F6 (Line Drive, 6MD, EV 75.6 MPH)
|
|
Batting: RHB Chance Argy
|
0-0: Ball 1-0: Ball 2-0: Ball 3-0: Called Strike 3-1: Base on Balls
|
|
Batting: RHB Ian Hornsby
|
0-0: Foul Ball, location: 2F 0-1: Ball 1-1: Swinging Strike 1-2: Strikes out swinging
|
| Top of the 3rd over - 0 runs, 0 hits, 0 errors, 1 left on base; Idaho Falls 1 - Minnesota (NYP) 4 |
| BOTTOM OF THE 3RD |
|
Minnesota (NYP) Twins batting - Pitching for Idaho Falls Chukars : RHP Tristan Jones
|
|
Batting: RHB Steve Terrell
|
0-0: Called Strike 0-1: Ball 1-1: Ground out 6-3 (Groundball, P, EV 91.9 MPH)
|
|
Batting: RHB Pat Adams
|
0-0: Ball 1-0: Foul Ball, location: 2F 1-1: Ball 2-1: Foul Ball, location: 2F 2-2: Foul Ball, location: 2F 2-2: Ball 3-2: Foul Ball, location: 2F 3-2: Base on Balls
|
|
Batting: RHB Alexandre Garcia
|
0-0: Called Strike Pat Adams steals 2nd base 0-1: Ball 1-1: Called Strike 1-2: Strikes out looking
|
|
Pitching: RHP Francisco Reyes
|
|
|
Batting: LHB Yasutoshi Hayashi
|
0-0: Called Strike 0-1: Ball Wild Pitch! Pat Adams to third 1-1: Ball 2-1: DOUBLE (Line Drive, 89D, EV 110.0 MPH) Pat Adams scores
|
|
Batting: LHB Ben Roth
|
0-0: Called Strike 0-1: Ball 1-1: Ball 2-1: Foul Ball, location: 2F 2-2: Strikes out looking
|
| Bottom of the 3rd over - 1 run, 1 hit, 0 errors, 1 left on base; Idaho Falls 1 - Minnesota (NYP) 5 |
| TOP OF THE 4TH |
|
Idaho Falls Chukars batting - Pitching for Minnesota (NYP) Twins : LHP Sandy Benitez
|
|
Batting: RHB Jimmy Mayville
|
0-0: Foul Ball, location: 2F 0-1: Ball 1-1: Ball 2-1: Ground out 1-3 (Groundball, 15S, EV 74.4 MPH)
|
|
Batting: LHB David Bearden
|
0-0: Ball 1-0: Called Strike 1-1: Ball 2-1: Swinging Strike 2-2: Foul Ball, location: 2F 2-2: Foul Ball, location: 2F 2-2: Ball 3-2: Foul Ball, location: 2F 3-2: Foul Ball, location: 2F 3-2: Foul Ball, location: 2F 3-2: Base on Balls
|
|
Batting: RHB Rafael Tapia
|
0-0: Swinging Strike 0-1: Foul Ball, location: 2F 0-2: Grounds into double play, 6-4-3 (Groundball, 6, EV 105.6 MPH)
|
| Top of the 4th over - 0 runs, 0 hits, 0 errors, 0 left on base; Idaho Falls 1 - Minnesota (NYP) 5 |
| BOTTOM OF THE 4TH |
|
Minnesota (NYP) Twins batting - Pitching for Idaho Falls Chukars : RHP Francisco Reyes
|
|
Batting: RHB Ioan Biros
|
0-0: Swinging Strike 0-1: Swinging Strike 0-2: Strikes out looking
|
|
Batting: RHB David McClellan
|
0-0: Called Strike 0-1: Ground out 1-3 (Groundball, 13, EV 68.1 MPH)
|
|
Batting: RHB Sergio Gomez
|
0-0: Foul Ball, location: 2F 0-1: TRIPLE (Groundball, 3L, EV 103.1 MPH)
|
|
Batting: LHB Tomas Espino
|
0-0: Ball 1-0: Foul Ball, location: 2F 1-1: Ball 2-1: Called Strike 2-2: Ball 3-2: Foul Ball, location: 2F 3-2: Base on Balls
|
|
Batting: RHB Steve Terrell
|
0-0: Fielders Choice at 2nd, 6-4 (Groundball, 6, EV 95.6 MPH)
|
| Bottom of the 4th over - 0 runs, 1 hit, 0 errors, 2 left on base; Idaho Falls 1 - Minnesota (NYP) 5 |
| TOP OF THE 5TH |
|
Idaho Falls Chukars batting - Pitching for Minnesota (NYP) Twins : LHP Sandy Benitez
|
|
Batting: SHB Benoît Morin
|
0-0: Ball 1-0: Swinging Strike 1-1: Ground out 3-1 (Groundball, 34, EV 82.5 MPH)
|
|
Batting: RHB Mike Bearden
|
0-0: Ground out 5-3 (Groundball, 5, EV 86.9 MPH)
|
|
Batting: RHB Jonas Fernandez
|
0-0: Called Strike 0-1: Ball 1-1: Ground out 6-3 (Groundball, 6, EV 80.0 MPH)
|
| Top of the 5th over - 0 runs, 0 hits, 0 errors, 0 left on base; Idaho Falls 1 - Minnesota (NYP) 5 |
| BOTTOM OF THE 5TH |
|
Minnesota (NYP) Twins batting - Pitching for Idaho Falls Chukars : RHP Francisco Reyes
|
|
Batting: RHB Pat Adams
|
0-0: Ball 1-0: Ball 2-0: Foul Ball, location: 2F 2-1: Swinging Strike 2-2: Ball 3-2: Base on Balls
|
|
Batting: RHB Alexandre Garcia
|
0-0: Ball 1-0: Grounds into double play, 6-4-3 (Groundball, 56, EV 81.2 MPH)
|
|
Batting: LHB Yasutoshi Hayashi
|
0-0: Called Strike 0-1: Ball 1-1: Foul Ball, location: 2F 1-2: Ground out 1-3 (Groundball, P, EV 68.8 MPH)
|
| Bottom of the 5th over - 0 runs, 0 hits, 0 errors, 0 left on base; Idaho Falls 1 - Minnesota (NYP) 5 |
| TOP OF THE 6TH |
|
Idaho Falls Chukars batting - Pitching for Minnesota (NYP) Twins : LHP Sandy Benitez
|
|
Batting: RHB Carlos Almada
|
0-0: Called Strike 0-1: Ball 1-1: Foul Ball, location: 2F 1-2: Ball 2-2: Ball 3-2: Base on Balls
|
|
Batting: RHB Chance Argy
|
0-0: Called Strike 0-1: Foul Ball, location: 2F 0-2: Ball 1-2: Ball 2-2: Foul Ball, location: 2F 2-2: DOUBLE (Flyball, 8RD, EV 91.2 MPH) Carlos Almada to third
|
|
Batting: RHB Ian Hornsby
|
0-0: Ball 1-0: Called Strike 1-1: Foul Ball, location: 2F 1-2: Ball Passed Ball! Carlos Almada scores Chance Argy to third 2-2: SINGLE (Groundball, 34D, EV 106.2 MPH) Chance Argy scores
|
|
Batting: RHB Jimmy Mayville
|
0-0: Called Strike 0-1: Fly out, F7 (Line Drive, 78M, EV 103.8 MPH)
|
|
Batting: LHB David Bearden
|
0-0: Ball 1-0: Foul Ball, location: 2F 1-1: Grounds into double play, 6-4-3 (Groundball, 6M, EV 101.9 MPH)
|
| Top of the 6th over - 2 runs, 2 hits, 0 errors, 0 left on base; Idaho Falls 3 - Minnesota (NYP) 5 |
| BOTTOM OF THE 6TH |
|
Minnesota (NYP) Twins batting - Pitching for Idaho Falls Chukars : RHP Francisco Reyes
|
|
Pitching: RHP Mike Valdez
|
|
|
Batting: LHB Ben Roth
|
0-0: Called Strike 0-1: Foul Ball, location: 2F 0-2: Strikes out swinging
|
|
Batting: RHB Ioan Biros
|
0-0: Called Strike 0-1: Ball 1-1: Called Strike 1-2: Ground out 5-3 (Groundball, 56, EV 101.9 MPH)
|
|
Batting: RHB David McClellan
|
0-0: Foul Ball, location: 2F 0-1: Ball 1-1: SINGLE (Groundball, 56S, EV 69.4 MPH) (infield hit)
|
|
Batting: RHB Sergio Gomez
|
0-0: Ball 1-0: Ball 2-0: Called Strike 2-1: Ball 3-1: Base on Balls David McClellan to second
|
|
Batting: LHB Tomas Espino
|
0-0: Ball 1-0: Called Strike 1-1: Foul Ball, location: 2F 1-2: Foul Ball, location: 2F 1-2: Ball 2-2: Ball 3-2: Base on Balls David McClellan to third Sergio Gomez to second
|
|
Batting: RHB Steve Terrell
|
0-0: Ball 1-0: Called Strike 1-1: Ball 2-1: Reached on error, E1 (Groundball, 15S, EV 71.2 MPH) David McClellan scores Sergio Gomez to third Tomas Espino to second
|
|
Batting: RHB Pat Adams
|
0-0: Ball 1-0: Ball 2-0: Swinging Strike 2-1: Foul Ball, location: 2F 2-2: Foul Ball, location: 2F 2-2: Strikes out swinging
|
| Bottom of the 6th over - 1 run, 1 hit, 1 error, 3 left on base; Idaho Falls 3 - Minnesota (NYP) 6 |
| TOP OF THE 7TH |
|
Idaho Falls Chukars batting - Pitching for Minnesota (NYP) Twins : LHP Sandy Benitez
|
|
Pitching: LHP Travis Joyal
|
|
|
Batting: RHB Rafael Tapia
|
0-0: Ground out 5-3 (Groundball, 15, EV 91.2 MPH)
|
|
Batting: SHB Benoît Morin
|
0-0: Ground out 4-3 (Groundball, 4MD, EV 102.5 MPH)
|
|
Batting: RHB Mike Bearden
|
0-0: Called Strike 0-1: Ball 1-1: Ball 2-1: Ball 3-1: Called Strike 3-2: Fly out, F9 (Flyball, 9, EV 82.5 MPH)
|
| Top of the 7th over - 0 runs, 0 hits, 0 errors, 0 left on base; Idaho Falls 3 - Minnesota (NYP) 6 |
| BOTTOM OF THE 7TH |
|
Minnesota (NYP) Twins batting - Pitching for Idaho Falls Chukars : RHP Mike Valdez
|
|
Pitching: RHP Bryan Kiefer
|
|
|
Batting: RHB Alexandre Garcia
|
0-0: Swinging Strike 0-1: Ball 1-1: Ball 2-1: Ground out 4-3 (Groundball, 4D, EV 83.8 MPH)
|
|
Batting: LHB Yasutoshi Hayashi
|
0-0: Called Strike 0-1: Hit by Pitch
|
|
Batting: LHB Ben Roth
|
0-0: Ball 1-0: Ball Yasutoshi Hayashi steals 2nd base 2-0: Called Strike 2-1: Fly out, F5 (Popup, 25F, EV 89.4 MPH)
|
|
Batting: RHB Ioan Biros
|
0-0: Called Strike 0-1: Ground out 6-3 (Groundball, 6, EV 103.8 MPH)
|
| Bottom of the 7th over - 0 runs, 0 hits, 0 errors, 1 left on base; Idaho Falls 3 - Minnesota (NYP) 6 |
| TOP OF THE 8TH |
|
Idaho Falls Chukars batting - Pitching for Minnesota (NYP) Twins : LHP Travis Joyal
|
|
Batting: RHB Jonas Fernandez
|
0-0: Called Strike 0-1: Foul Ball, location: 2F 0-2: Ball 1-2: Ball 2-2: Ground out 4-3 (Groundball, 4, EV 89.4 MPH)
|
|
Batting: RHB Carlos Almada
|
0-0: Called Strike 0-1: Swinging Strike 0-2: Ball 1-2: Foul Ball, location: 2F 1-2: Foul Ball, location: 2F 1-2: Ball 2-2: Reached on error, E4 (Groundball, 4M, EV 79.4 MPH)
|
|
Pitching: RHP Cody Bryant
|
|
|
Batting: RHB Chance Argy
|
0-0: Called Strike 0-1: Swinging Strike 0-2: Foul Ball, location: 2F 0-2: Ball 1-2: Fly out, F9 (Flyball, 9S, EV 72.5 MPH)
|
|
Batting: RHB Ian Hornsby
|
0-0: Ball 1-0: Called Strike 1-1: Foul Ball, location: 2F 1-2: Ball 2-2: Ground out 4-3 (Groundball, 4, EV 83.1 MPH)
|
| Top of the 8th over - 0 runs, 0 hits, 1 error, 1 left on base; Idaho Falls 3 - Minnesota (NYP) 6 |
| BOTTOM OF THE 8TH |
|
Minnesota (NYP) Twins batting - Pitching for Idaho Falls Chukars : RHP Bryan Kiefer
|
|
Batting: RHB David McClellan
|
0-0: Swinging Strike 0-1: Ball 1-1: Ball 2-1: Ball 3-1: Called Strike 3-2: Strikes out looking
|
|
Batting: RHB Sergio Gomez
|
0-0: Called Strike 0-1: Fly out, F2 (Popup, 23F, EV 67.5 MPH)
|
|
Batting: LHB Tomas Espino
|
0-0: Ball 1-0: Foul Ball, location: 2F 1-1: Foul Ball, location: 2F 1-2: Strikes out swinging
|
| Bottom of the 8th over - 0 runs, 0 hits, 0 errors, 0 left on base; Idaho Falls 3 - Minnesota (NYP) 6 |
| TOP OF THE 9TH |
|
Idaho Falls Chukars batting - Pitching for Minnesota (NYP) Twins : RHP Cody Bryant
|
|
Batting: RHB Jimmy Mayville
|
0-0: Ball 1-0: Foul Ball, location: 2F 1-1: Foul Ball, location: 2F 1-2: Ball 2-2: Ball 3-2: Strikes out looking
|
|
Batting: LHB David Bearden
|
0-0: Ball 1-0: Ball 2-0: Ball 3-0: Base on Balls
|
|
Pitching: RHP Larry Muttart
|
|
|
Batting: RHB Rafael Tapia
|
0-0: Called Strike 0-1: Fielders Choice at 2nd, 5-4 (Groundball, 56S, EV 83.1 MPH)
|
|
Batting: SHB Benoît Morin
|
0-0: SINGLE (Groundball, 6D, EV 99.4 MPH) Rafael Tapia to second
|
|
Batting: RHB Mike Bearden
|
0-0: Called Strike 0-1: Fly out, F8 (Flyball, 8RD, EV 104.4 MPH)
|
| Top of the 9th over - 0 runs, 1 hit, 0 errors, 2 left on base; Idaho Falls 3 - Minnesota (NYP) 6 |
|